 Dungeon Sprint DCSS version 0.30-a0-1103-g25895a7845 (webtiles) character file.

Game seed: 10641272948089641284

11141 sircluck the Peltast (level 11, -3/111 HPs)
             Began as a Minotaur Berserker on Apr 18, 2023.
             Was the Champion of Trog.
             Killed from afar by a salamander tyrant (12 damage)
             ... with a flame surge
             ... in the Dungeon (Sprint V: "Ziggurat Sprint").
             The game lasted 00:09:55 (900 turns).

sircluck the Peltast (Minotaur Berserker)            Turns: 900, Time: 00:09:56

Health: -3/111     AC: 33    Str: 44    XL:     11   Next: 45%
Magic:  0/10       EV:  8    Int:  4    God:    Trog [******]
Gold:   0          SH: 32    Dex: 10    Spells: 10/10 levels left

rFire   . . .      SeeInvis .    T - +10 zealot's sword {holy, Zealotry, *Rage rN+ EV+3}
rCold   . . .      Faith    .    C - +18 shield of the Gong {Loud rN+ Will+ rCorr EV-5}
rNeg    + + +      Spirit   +    B - +15 Maxwell's patent armour {-Cast -Tele rElec Will+ rCorr}
rPois   .          Reflect  .    (helmet restricted)
rElec   +          Rampage  .    (no cloak)
rCorr   +          NoTele   +    Y - +2 pair of gloves {infuse}
Will    ++...      NoCast   +    (no boots) Stlth Rage 20%
                                 V - amulet of the Mutiny {Spirit rN+ Str+6}
HPRegen 0.38/turn                p - +6 ring of strength
MPRegen 0.12/turn                q - +6 ring of strength

@: weakened, studying Ranged Weapons
A: horns 2, retaliatory headbutt
a: Renounce Religion, Berserk, Trog's Hand, Brothers in Arms


You were in the Dungeon.
You worshipped Trog.
Trog was exalted by your worship.
You visited 1 branch

Inventory:

Hand Weapons
 a - a +0 mace
 A - the +10 dark maul {heavy}
   (You found it in the Dungeon)
 D - the +11 Singing Sword {sonic wave}
   (You found it in the Dungeon)
 E - the +7 great mace "Firestarter" {flame, immolate, rFlCloud rF++}
   (You found it in the Dungeon)

   rFlCloud:  It grants immunity to clouds of flame.
   rF:        It greatly protects you from fire.
 F - the +13 scythe of Curses {drain, curses, Drain}
   (You found it in the Dungeon)

   Drain:     It drains your maximum health when unequipped.
 G - the +27 heavy crossbow "Sniper" {heavy, Acc+∞ SInv}
   (You found it in the Dungeon)

   Acc+∞: It never misses its target.
   SInv:      It lets you see invisible.
 T - the +10 zealot's sword (weapon) {holy, Zealotry, *Rage rN+ EV+3}
   (You found it in the Dungeon)

   Zealotry:  Whenever the wielder enters a berserk rage, their allies are
   berserked alongside them.
   EV:        It affects your evasion (+3).
   rN:        It protects you from negative energy.
   *Rage:     It berserks you when you make melee attacks (+20% chance).
Armour
 b - a +0 animal skin
 i - a +3 tower shield
 B - the +15 Maxwell's patent armour (worn) {-Cast -Tele rElec Will+ rCorr}
   (You found it in the Dungeon)

   rElec:     It insulates you from electricity.
   -Cast:     It prevents spellcasting.
   -Tele:     It prevents most forms of teleportation.
   rCorr:     It protects you from acid and corrosion.
   Will:      It increases your willpower.
 C - the +18 shield of the Gong (worn) {Loud rN+ Will+ rCorr EV-5}
   (You found it in the Dungeon)

   Loud:      It is deafeningly noisy when blocking attacks.
   EV:        It affects your evasion (-5).
   rN:        It protects you from negative energy.
   rCorr:     It protects you from acid and corrosion.
   Will:      It increases your willpower.
 Y - a +2 pair of gloves of infusion (worn)
Jewellery
 k - a ring of flight
 l - a +6 ring of dexterity
 m - a +6 ring of dexterity
 n - a +6 ring of intelligence
 o - a +6 ring of intelligence
 p - a +6 ring of strength (left hand)
 q - a +6 ring of strength (right hand)
 J - a ring of poison resistance
 M - a ring of protection from fire
 N - a ring of willpower
 O - a ring of fire
 R - the ring "Ove Akke" {Ice rCorr Str+4 Stlth+}
   (You found it in the Dungeon)

   [ring of ice]

   It enhances your ice magic.
   Str:       It affects your strength (+4).
   rF:        It makes you vulnerable to fire.
   rC:        It protects you from cold.
   rCorr:     It protects you from acid and corrosion.
   Stlth:     It makes you more stealthy.
 S - the ring of the Mage {Wiz Archmagi}
   (You found it in the Dungeon)

   [ring of wizardry]

   It improves your spell success rate.
   Archmagi:  It increases the power of your magical spells.
 V - the amulet of the Mutiny (around neck) {Spirit rN+ Str+6}
   (You found it in the Dungeon)

   [amulet of guardian spirit]

   It causes incoming damage to be divided between your reserves of health and
   magic.
   Str:       It affects your strength (+6).
   rN:        It protects you from negative energy.
 W - the ring "Jaarypale" {rPois Str+6 Dex+3}
   (You found it in the Dungeon)

   [ring of strength]

   Str:       It affects your strength (+6).
   Dex:       It affects your dexterity (+3).
   rPois:     It protects you from poison.
 X - a ring of positive energy
Wands
 j - a wand of iceblast (9)
 r - a wand of mindburst (10)
 s - a wand of light (19)
 I - a wand of polymorph (3)
 L - a wand of paralysis (4)
 P - a wand of flame (11)
 U - a wand of digging (5)
Scrolls
 h - 4 scrolls of blinking
 x - 7 scrolls of fog
 y - 5 scrolls of identify
 z - 2 scrolls of fear
 Q - a scroll of acquirement
Potions
 c - 10 potions of curing
 d - 10 potions of heal wounds
 e - 6 potions of haste
 f - 7 potions of magic
 g - 3 potions of berserk rage
 t - 2 potions of invisibility
 u - 4 potions of resistance
 v - a potion of experience
 w - 5 potions of might
Miscellaneous
 H - a piece from Xom's chessboard (15/15)
 K - a box of beasts


   Skills:
 + Level 14.3 Fighting
 + Level 17.7 Long Blades
 + Level 10.3 Maces & Flails
 + Level 11.1 Armour
 + Level 5.4 Dodging
 + Level 20.1 Shields
 + Level 3.4 Evocations


You had 10 spell levels left.
You didn't know any spells.
Your spell library was empty.

Dungeon Overview and Level Annotations

Branches:
Dungeon (1/1)

Altars:
Ashenzari
Cheibriados
Dithmenos
Elyvilon
Fedhas
Gozag
Hepliaklqana
Kikubaaqudgha
Makhleb
Nemelex Xobeh
Okawaru
Qazlal
Ru
Sif Muna
Trog
Uskayaw
Vehumet
Wu Jian
Xom
Yredelemnul
Zin
The Shining One
Jiyva
Lugonu


Innate Abilities, Weirdness & Mutations

You have a pair of horns on your head.
You reflexively headbutt those who attack you in melee.


Message History

Aiming: Iceblast
Press: ? - help, Q - select action, (/) - cycle Shift-Dir - straight line, f/p - hell hog
Aim: a hell hog (moderately wounded)
The mass of ice explodes!
The iceblast engulfs the hellephant!
The hellephant is lightly wounded.
The iceblast engulfs the hell hog!
The hell hog is heavily wounded.
The iceblast engulfs the stoker!
The stoker is heavily damaged.
The iceblast engulfs the hell hog.
The hell hog is heavily wounded.
The iceblast engulfs the fire giant!!
The fire giant is moderately wounded.
The stoker conjures a fierce blast of wind!
You are knocked back by the gust of wind.
You slam into the unnaturally hard rock wall!
The balrug gestures at you. You block the sticky flame.
BONNNG!
Aiming: Iceblast
Press: ? - help, Q - select action, (/) - cycle Shift-Dir - straight line, f/p - hell hog
Aim: a hell hog (heavily wounded)
The mass of ice explodes!
The iceblast engulfs the hell hog!
The hell hog is severely wounded.
The iceblast engulfs the hell hog!
The hell hog is severely wounded.
The iceblast engulfs the fire giant!
The fire giant is moderately wounded.
The iceblast engulfs the hellephant!
The hellephant is lightly wounded.
The iceblast engulfs the balrug!
The balrug is frozen!
The balrug is lightly wounded.
The iceblast engulfs the hell hog!
The hell hog is moderately wounded.
The hell hog breathes fire at you.
The fireball explodes!
The fireball engulfs you!!!
* * * LOW HITPOINT WARNING * * *
The salamander tyrant calls gouts of flame from the lava!
The flame surge hits you!
You die...

▓../[||//.▓..:..[[..▓.
▓..:)))=..▓...)).:..▓.
▓.........▓.........▓.
▓.........▓.........▓.
▓...2hC1N.▓)........▓.
▓..ChYL2..▓.........▓.
▓..h≈≈....▓..)......▓.
▓.........▓.▓.....▓.▓.
▓...≈@....▓....©....▓▓
▓▓▓▓▓▓▓▓▓▓▓▓▓▓▓▓▓▓▓▓▓


You could see a hellephant, a Brimstone Fiend, 2 fire giants, a stoker, 2
balrugs, a salamander tyrant and 3 hell hogs.

Vanquished Creatures
  A tentacled starspawn (D)
  An ironbound thunderhulk (D)
  2 great orbs of eyes (D)
  A yaktaur captain (D)
  2 vault guards (D)
  A thrashing horror (D)
  A sixfirhy (D)
  A wolf spider (D)
  4 draconians (D)
  A vault sentinel (D)
  2 tarantellas (D)
  A flying skull (D)
  A jumping spider (D)
  A hog (shapeshifter) (D)
  2 small abominations (D)
  A fire bat (D)
  A golden eye (shapeshifter) (D)
  A warg (shapeshifter) (D)
  A wolf (shapeshifter) (D)
  7 starcursed masses (D)
  2 phantoms (D)
  4 scorpions (D)
  2 wights (D)
  3 crimson imps (D)
  3 quasits (D)
  2 orc priests (D)
  4 iron imps (D)
  An orc wizard (D)
  3 shadow imps (D)
  4 white imps (D)
  2 ufetubi (D)
  An adder zombie (D)
  2 orcs (D)
  A bat skeleton (D)
  A bat zombie (D)
  A ball python skeleton (D)
  A ball python zombie (D)
70 creatures vanquished.

Vanquished Creatures (others)
  3 starspawn tentacles (D)
3 creatures vanquished.

Grand Total: 73 creatures vanquished

Notes
Turn   | Place    | Note
-------+----------+-------------------------------------------
     0 | D        | sircluck the Minotaur Berserker began the quest for the
                  | Orb.
     0 | D        | Reached XP level 1. HP: 19/19 MP: 0/0
     0 | D        | Found a shimmering blue altar of Sif Muna.
     0 | D        | Found a bloodstained altar of Trog.
     0 | D        | Found a sacrificial altar of Ru.
     0 | D        | Found a stormy altar of Qazlal.
     0 | D        | Found an iron altar of Okawaru.
     4 | D        | Found a blossoming altar of Fedhas.
     4 | D        | Found the +6 Majin-Bo {spellvamp, MP+6 Int+6}
     4 | D        | Found the +27 heavy crossbow "Sniper" {heavy, Acc+∞ SInv}
     4 | D        | Found the +10 dark maul {heavy}
     4 | D        | Found the +15 Maxwell's patent armour {-Cast -Tele rElec
                  | Will+ rCorr}
     4 | D        | Found the +18 shield of the Gong {Loud rN+ Will+ rCorr
                  | EV-5}
     4 | D        | Found the +16 obsidian axe {drain, demonic, Mesm Drain Fly
                  | SInv}
     4 | D        | Found the +7 great mace "Firestarter" {flame, immolate,
                  | rFlCloud rF++}
     4 | D        | Found the +6 shillelagh "Devastator" {shatter}
     4 | D        | Found the +11 plutonium sword {Contam Stlth-}
     4 | D        | Found the +8 lance "Wyrmbane" {slay drac, rPois rF+ rC+
                  | AC+3}
     4 | D        | Found the +9 sword of Zonguldrok {reap}
     4 | D        | Found the +13 scythe of Curses {drain, curses, Drain}
     4 | D        | Found the +9 sword of Power {lifebolt}
     4 | D        | Found the +7 mace of Variability {chaos, chaos arc}
     4 | D        | Found the +11 Singing Sword {sonic wave}
     4 | D        | Found the +8 storm bow {elec, penet}
     7 | D        | Found a viscous altar of Jiyva.
     7 | D        | Found a transporter.
     7 | D        | Found a hazy altar of Hepliaklqana.
     7 | D        | Found an ancient bone altar of Kikubaaqudgha.
     7 | D        | Found an opulent altar of Gozag.
     7 | D        | Found a corrupted altar of Lugonu.
    12 | D        | Found a burning altar of Makhleb.
    13 | D        | Found a sparkling altar of Nemelex Xobeh.
   109 | D        | Entered arena 2.
   109 | D        | Noticed a crimson imp
   109 | D        | Found a transporter.
   114 | D        | Killed a crimson imp
   115 | D        | Reached skill level 5 in Fighting
   115 | D        | Reached skill level 5 in Maces & Flails
   115 | D        | Reached skill level 1 in Shields
   115 | D        | Reached XP level 2. HP: 28/29 MP: 1/1
   115 | D        | Reached XP level 3. HP: 35/36 MP: 2/2
   116 | D        | Reached ** piety under Trog
   117 | D        | Reached skill level 1 in Long Blades
   125 | D        | Entered arena 3.
   125 | D        | Found a transporter.
   131 | D        | Reached skill level 2 in Shields
   131 | D        | Reached XP level 4. HP: 36/45 MP: 3/3
   150 | D        | Entered arena 4.
   150 | D        | Noticed an ogre
   150 | D        | Noticed a golden eye
   150 | D        | Noticed a water moccasin
   150 | D        | Noticed a wolf
   150 | D        | an ogre changed into a warg
   150 | D        | Noticed a warg (shapeshifter)
   150 | D        | Found a transporter.
   153 | D        | a water moccasin changed into a hog
   153 | D        | Noticed a hog (shapeshifter)
   155 | D        | Killed a golden eye
   155 | D        | Reached *** piety under Trog
   156 | D        | Reached skill level 5 in Armour
   156 | D        | Reached skill level 6 in Shields
   156 | D        | Reached XP level 5. HP: 51/53 MP: 4/4
   156 | D        | Killed a hog
   156 | D        | Killed a wolf
   157 | D        | Reached skill level 8 in Shields
   157 | D        | Reached XP level 6. HP: 61/63 MP: 5/5
   158 | D        | Killed a warg
   159 | D        | Reached skill level 9 in Shields
   159 | D        | Reached XP level 7. HP: 69/70 MP: 6/6
   173 | D        | Entered arena 5.
   173 | D        | Noticed a draconian
   173 | D        | Noticed a draconian
   173 | D        | Noticed a draconian
   173 | D        | Noticed a draconian
   173 | D        | Found a transporter.
   177 | D        | Killed a draconian
   177 | D        | Reached **** piety under Trog
   177 | D        | Killed a draconian
   178 | D        | Reached skill level 10 in Fighting
   178 | D        | Reached skill level 11 in Shields
   178 | D        | Reached XP level 8. HP: 81/81 MP: 7/7
   179 | D        | Killed a draconian
   180 | D        | Reached skill level 10 in Long Blades
   180 | D        | Reached skill level 10 in Maces & Flails
   180 | D        | Reached skill level 12 in Shields
   181 | D        | Killed a draconian
   182 | D        | Reached skill level 13 in Shields
   182 | D        | Reached XP level 9. HP: 89/89 MP: 8/8
   191 | D        | Entered arena 6.
   191 | D        | Found a transporter.
   199 | D        | Reached ***** piety under Trog
   362 | D        | Entered arena 7.
   363 | D        | Found a transporter.
   365 | D        | Received a gift from Trog
   402 | D        | Entered arena 8.
   403 | D        | Found a transporter.
   406 | D        | Reached skill level 14 in Shields
   407 | D        | Received a gift from Trog
   427 | D        | Entered arena 9.
   427 | D        | Found the ring of the Mage {Wiz Archmagi}
   427 | D        | Noticed a vault guard
   427 | D        | Noticed a great orb of eyes
   427 | D        | Noticed a yaktaur captain
   427 | D        | Noticed a vault sentinel
   427 | D        | Noticed an ironbound thunderhulk
   427 | D        | Noticed a great orb of eyes
   427 | D        | Noticed a vault guard
   433 | D        | Killed a vault guard
   434 | D        | Reached skill level 15 in Shields
   435 | D        | Killed a great orb of eyes
   435 | D        | Reached ****** piety under Trog
   436 | D        | Reached skill level 5 in Dodging
   436 | D        | Reached skill level 1 in Evocations
   438 | D        | Killed a vault sentinel
   438 | D        | Killed an ironbound thunderhulk
   438 | D        | Received a gift from Trog
   439 | D        | Reached skill level 16 in Shields
   439 | D        | Reached XP level 10. HP: 79/99 MP: 9/9
   439 | D        | Killed a great orb of eyes
   440 | D        | Reached skill level 17 in Shields
   440 | D        | Killed a vault guard
   441 | D        | Reached skill level 15 in Long Blades
   441 | D        | Killed a yaktaur captain
   442 | D        | Reached skill level 18 in Shields
   442 | D        | Found a transporter.
   458 | D        | Got the ring "Ove Akke" {Ice rCorr Str+4 Stlth+}
   561 | D        | Entered arena 10.
   561 | D        | Found the +10 zealot's sword {holy, Zealotry, *Rage rN+
                  | EV+3}
   561 | D        | Noticed a wolf spider
   562 | D        | Found a transporter.
   565 | D        | Received a gift from Trog
   565 | D        | Killed a wolf spider
   567 | D        | Reached skill level 10 in Armour
   575 | D        | Reached XP level 11. HP: 94/107 MP: 10/10
   598 | D        | Entered arena 11.
   598 | D        | Found the +8 whip "Snakebite" {venom, curare, rPois}
   599 | D        | Found a transporter.
   603 | D        | Received a gift from Trog
   630 | D        | Got the amulet of the Mutiny {Spirit rN+ Str+6}
   642 | D        | Entered arena 12.
   642 | D        | Noticed a tentacled starspawn
   642 | D        | Noticed a thrashing horror
   642 | D        | Noticed a sixfirhy
   642 | D        | Noticed a starcursed mass
   643 | D        | Killed a sixfirhy
   645 | D        | Found a transporter.
   646 | D        | Killed a thrashing horror
   646 | D        | Received a gift from Trog
   647 | D        | Reached skill level 19 in Shields
   653 | D        | Killed a tentacled starspawn
   668 | D        | Killed a starcursed mass
   676 | D        | Identified the +5 scimitar "Kukluef" {heavy, Will+ Dex+3
                  | Stlth+} (Trog gifted it to you in the Dungeon)
   676 | D        | Received a gift from Trog
   682 | D        | Reached skill level 20 in Shields
   866 | D        | Got the ring "Jaarypale" {rPois Str+6 Dex+3}
   895 | D        | Entered arena 13.
   895 | D        | Noticed a hell hog
   895 | D        | Noticed a stoker
   895 | D        | Noticed a Brimstone Fiend
   895 | D        | Noticed a hellephant
   895 | D        | Noticed a balrug
   895 | D        | Noticed a salamander tyrant
   895 | D        | Noticed a fire giant
   895 | D        | Noticed a fire giant
   895 | D        | Noticed a hell hog
   896 | D        | Noticed a balrug
   896 | D        | Noticed a hell hog
   900 | D        | Killed from afar by a salamander tyrant

Illustrated notes

Levels and vault maps discovered:
D:        sprint_v [room_start, room_1, room_2, room_3, room_4, room_5, room_6,
          room_7, room_8, room_9, room_10, room_11, room_12, room_13, room_14,
          room_15, room_16, room_17, room_18, room_19, room_20, room_21,
          room_22, room_23, room_24, room_25, room_26, room_27]

Skill      XL: |  1  2  3  4  5  6  7  8  9 10 11 |
---------------+----------------------------------+-----
Fighting       | 5 6 8 9 10 11 12 13 14 | 14.3
Maces & Flails | 5 6 7 8 9 10 | 10.3
Armour         | 3 5 6 7 8 9 10 11 | 11.1
Dodging        | 3 4 5 |  5.4
Shields        | 1 2 6 8 9 11 13 16 18 20 | 20.1
Long Blades    | 1 4 6 9 10 14 16 17 | 17.7
Evocations     | 1 2 3 |  3.4

Action                     |  1- 3 |  4- 6 |  7- 9 | 10-12 || total
---------------------------+-------+-------+-------+-------++-------
  Melee: Double sword      |     9 |    13 |    40 |    13 ||    75
         Headbutt          |       |     1 |     4 |    16 ||    21
         Eudemon blade     |       |       |       |    55 ||    55
 Invoke: Berserk           |       |       |     2 |       ||     2
  Evoke: Wand              |       |       |     4 |     4 ||     8
 Armour: Plate armour      |    11 |    23 |    21 |    22 ||    77
  Dodge: Dodged            |     1 |     1 |     5 |    12 ||    19
  Block: Kite shield       |    16 |    35 |    72 |   108 ||   231

Table legend: (Time is in decaauts)
 A = Elapsed time spent in this place.
 B = Non-inter-level travel time spent in this place.
 C = Inter-level travel time spent in this place.
 D = Time resting spent in this place.
 E = Time spent auto-exploring this place.
 F = Levels seen in this place.
 G = Mean time per level.
                   A        B        C        D        E       F      G
               +--------+--------+--------+--------+--------+-----+--------+
         Total |    914 |    896 |     18 |    416 |      0 |   1 |  914.0 |
       Dungeon |    914 |    896 |     18 |    416 |      0 |   1 |  914.0 |
               +--------+--------+--------+--------+--------+-----+--------+

Top non-repeatable levels by time:
       D: 914 daAuts
